 Dungeon Crawl Stone Soup version 0.31.0-11-ge490571c62 (webtiles) character file.

Game seed: 15571983660011689212

526 Gadfly the Insei (level 7, -4/52 HPs)
             Began as a Demonspawn Monk on Feb 3, 2024.
             Was a Follower of Ru.
             Slain by an orc
             ... wielding a +0 whip
              (5 damage)
             ... on level 4 of the Dungeon.
             The game lasted 00:05:00 (4285 turns).

Gadfly the Insei (Demonspawn Monk)                  Turns: 4285, Time: 00:05:00

Health: -4/52      AC:  4    Str: 25    XL:     7   Next: 2%
Magic:  7/7        EV: 13    Int: 10    God:    Ru [*.....]
Gold:   323        SH:  0    Dex: 16    Spells: 3/6 levels left

rFire   . .          .
                       - Unarmed
rCold   . . .        (no shield)
rNeg    . . .        o - +0 robe
rPois   .            (helmet restricted)
rElec   .            h - +0 cloak
rCorr   .            (no gloves)
SInv    .            i - +0 pair of boots
Will    .....        (no amulet)
Stlth   +            e - +6 ring of strength
HPRegen 0.28/turn    g - +6 ring of strength
MPRegen 0.20/turn

%: no passive effects
@: no status effects
A: antennae 2, claws 1, demonic guardian 1, magic regeneration, inability to
train armour
a: Renounce Religion


You were on level 4 of the Dungeon.
You worshipped Ru.
Ru was aware of your devotion.
You visited 1 branch of the dungeon, and saw 4 of its levels.

You collected 323 gold pieces.

Inventory:

Hand Weapons
 b - a +3 flail of protection
Armour
 c - an orb of light
 h - a +0 cloak (worn)
 i - a +0 pair of boots (worn)
 o - a +0 robe (worn)
Jewellery
 e - a +6 ring of strength (left claw)
 g - a +6 ring of strength (right claw)
 m - a ring of poison resistance
Talismans
 k - a blade talisman
Wands
 a - a wand of polymorph (7) (quivered)
Scrolls
 f - a scroll of teleportation
 p - a scroll of enchant weapon
 r - a scroll of silence
Potions
 d - a potion of haste
 j - a potion of heal wounds
 l - a potion of mutation
 n - 3 potions of ambrosia
 s - 2 potions of cancellation {unknown}
 t - a potion of enlightenment {unknown}


   Skills:
 - Level 3.0 Fighting
 + Level 3.8 Dodging
 * Level 4.4 Unarmed Combat
 * Level 3.5 Evocations
 * Level 3.0 Shapeshifting


You had 3 spell levels left.
You knew the following spells:

 Your Spells              Type           Power      Damage    Failure   Level
a - Swiftness             Air            0%         N/A       75%         3

Your spell library contained the following spells:

 Spells                   Type           Power      Damage    Failure   Level
 Ensorcelled Hibernation  Hex/Ice        0%         N/A       50%         2
 Passwall                 Erth           0%         N/A       75%         3


Dungeon Overview and Level Annotations

Branches:
Dungeon (4/15)
 Temple: D:4-7

Altars:
Nemelex Xobeh
Okawaru
Ru
Trog

Annotations:
D:4 Dowan, Duvessa


Innate Abilities, Weirdness & Mutations

You have a pair of antennae on your head.
You have sharp fingernails.
A weak demonic guardian rushes to your aid.
You regenerate magic rapidly.
You cannot train Armour skill.


Message History

You start waiting.
You sense a monster nearby.
No target in view!
No target in view!
No target in view!
No target in view!
No target in view!
No target in view!
You closely miss the ogre. The orc misses you.
The ogre hits you with a +0 giant club!!
Ouch! That really hurt!
A demonic guardian appears!
You are too injured to fight recklessly!
You are too injured to fight recklessly!
You are too injured to fight recklessly!
You are too injured to fight recklessly!
You are too injured to fight recklessly!
You are too injured to fight recklessly!
You are too injured to fight recklessly!
You are too injured to fight recklessly!
You are too injured to fight recklessly!
You are too injured to fight recklessly!
You are too injured to fight recklessly!
You are too injured to fight recklessly!
You are too injured to fight recklessly!
You are too injured to fight recklessly!
You are too injured to fight recklessly!
Unknown command.
You barely miss the ogre.
Your ufetubus slips past the orc!
Your ufetubus completely misses the orc.
Your ufetubus hits the orc. The orc hits you with a +0 whip.
You barely miss the ogre.
Your ufetubus hits the orc but does no damage. x2
The ogre hits you with a +0 giant club!!
* * * LOW HITPOINT WARNING * * *
You scratch the ogre. You claw the ogre, but do no damage.
The ogre is moderately wounded.
Your ufetubus hits the orc.
Your ufetubus closely misses the orc.
The orc hits you with a +0 whip.
You die...

#..#.###
##.##.### #.#
# #.###).##
#..#### ### #
#.#
##).#####..#
#. ##
##........##
#.
#..........#
#.
#......###..##
## #...###..#
##..## # #.###
#...# #...# #
. ##..# ##@5#
# #... #oO#
.........# ##
.........# #.
.........# #.
.........# #.
.........# ##
....#....# #
...##....# ##


You could see an ogre, an orc (ally target) and a friendly ufetubus (summoned).

Vanquished Creatures
  Sigmund (D:3)
  An ogre (D:4)
  A jelly (D:3)
  A bombardier beetle (D:4)
  A sleepcap (D:4)
  3 gnolls (D:2)
  7 adders
  A ribbon worm (D:4)
  4 dart slugs
  An orc (D:2)
  7 endoplasms
  3 giant cockroaches
  5 hobgoblins
  5 kobolds
  4 quokkas
  9 ball pythons
  7 bats
  4 frilled lizards
  14 goblins
  8 rats
87 creatures vanquished.

Vanquished Creatures (collateral kills)
  An orc (D:3)
  A hobgoblin (D:1)
  A quokka (D:1)
  A ball python (D:1)
  A kobold (D:2)
  A rat (D:1)
6 creatures vanquished.

Grand Total: 93 creatures vanquished

Notes
Turn   | Place    | Note
-------+----------+-------------------------------------------
     0 | D:1      | Gadfly the Demonspawn Monk began the quest for the Orb.
     0 | D:1      | Reached XP level 1. HP: 18/18 MP: 1/1
    63 | D:1      | Gained mutation: A weak demonic guardian rushes to your
                  | aid. [demonic ancestry]
    63 | D:1      | Reached XP level 2. HP: 16/24 MP: 2/2
   278 | D:1      | Reached skill level 3 in Unarmed Combat
   278 | D:1      | Reached skill level 1 in Evocations
   607 | D:1      | Reached skill level 1 in Shapeshifting
   607 | D:1      | Discovered your monstrous ancestry.
   607 | D:1      | Gained mutation: You have sharp fingernails. [demonic
                  | ancestry]
   607 | D:1      | Reached XP level 3. HP: 25/29 MP: 3/3
   669 | D:1      | Found a faded altar of an unknown god.
  1435 | D:2      | Gained mutation: You regenerate magic rapidly. [demonic
                  | ancestry]
  1435 | D:2      | Reached XP level 4. HP: 30/35 MP: 4/4
  2354 | D:3      | Gained mutation: You have a pair of small antennae on your
                  | head. [demonic ancestry]
  2354 | D:3      | Reached XP level 5. HP: 18/41 MP: 5/5
  2504 | D:3      | Noticed Sigmund
  2519 | D:3      | Killed Sigmund
  2520 | D:3      | Reached skill level 4 in Unarmed Combat
  2520 | D:3      | Reached XP level 6. HP: 42/47 MP: 6/6
  2588 | D:3      | Found a sparkling altar of Nemelex Xobeh.
  2589 | D:3      | Found an iron altar of Okawaru.
  2595 | D:3      | Learned a level 3 spell: Swiftness
  2659 | D:3      | Found a sacrificial altar of Ru.
  2742 | D:3      | Became a worshipper of Ru the Awakened
  2746 | D:3      | Gained mutation: You cannot train Armour skill. [Ru
                  | sacrifice]
  2746 | D:3      | Reached * piety under Ru
  3514 | D:4      | Found a bloodstained altar of Trog.
  3713 | D:4      | Noticed Duvessa
  3715 | D:4      | Noticed Dowan
  4101 | D:4      | Identified the +6 dagger of an ossuary {freeze, rElec rCorr
                  | Str+2}
  4214 | D:4      | Gained mutation: You have a pair of antennae on your head.
                  | [demonic ancestry]
  4214 | D:4      | Reached XP level 7. HP: 41/52 MP: 7/7
  4284 | D:4      | HP: 1/52 [ogre/+0 giant club (21)]
  4285 | D:4      | Slain by an orc

Illustrated notes

Levels and vault maps discovered:
D:1:      dpeg_arrival_renting, layout_loops_ring,
          hellmonk_ecumenical_altar_lost_god
D:2:      layout_loops_corners
D:3:      layout_rooms, nicolae_ru_path_of_blood,
          gammafunk_temple_overflow_statue, uniq_sigmund
D:4:      layout_layer_cave, nicolae_overflow_crystal_walls, roderic_lattice_a,
          uniq_duvessa

Skill      XL: |  1  2  3  4  5  6 |
---------------+-------------------+-----
Unarmed Combat | 3 4 |  4.4
Evocations     | 1 2 3 |  3.5
Shapeshifting  | 1 2 3 |  3.0
Dodging        | 3 |  3.8
Fighting       | |  3.0

Action                     |  1- 3 |  4- 6 |  7- 9 || total
---------------------------+-------+-------+-------++-------
  Melee: Unarmed           |   122 |   144 |     4 ||   270
         Punch             |       |     3 |     1 ||     4
 Invoke: Sacrifice Durabil |       |     1 |       ||     1
    Use: Scroll            |     4 |     5 |     2 ||    11
         Potion            |       |     2 |       ||     2
 Armour: Robe              |    48 |    64 |     4 ||   116
  Dodge: Dodged            |    81 |    83 |     1 ||   165
